 Dungeon Crawl Stone Soup version 0.18.1-1-g2f07953 (webtiles) character file.

23624 Ijustatesigmund the Grappler (level 12, -12/128 HPs)
             Began as a Troll Hunter on May 6, 2016.
             Was the Champion of Cheibriados.
             Mangled by a boulder beetle (27 damage)
             ... on level 5 of the Lair of Beasts.
             The game lasted 00:35:59 (14104 turns).

Ijustatesigmund the Grappler (Troll Hunter)        Turns: 14104, Time: 00:36:00

Health: -12/128    AC:  9    Str: 38    XL:     12   Next: 73%
Magic:  25/25      EV: 15    Int: 22    God:    Cheibriados [******]
Gold:   1015       SH:  0    Dex: 29    Spells: 1 memorised, 10 levels left

rFire  . . .     SeeInvis .       - Unarmed
rCold  . . .     Gourm    +     b - +1 robe
rNeg   . . .     Faith    .     (no shield)
rPois  .         Spirit   .     (helmet restricted)
rElec  .         Dismiss  .     D - +2 cloak
rCorr  .         Reflect  .     (gloves unavailable)
SustAt .         Harm     .     (boots unavailable)
MR     .....                    (no amulet)
Stlth  ++........               (no ring)
                                e - ring of magical power

@: about to teleport, very slow, not resistant to hostile enchantments,
unstealthy
A: unfitting armour, claws 3, fast metabolism 3, gourmand, regeneration 2,
shaggy fur 1, tough skin 2
a: Bend Time, Temporal Distortion, Slouch, Step From Time, Renounce Religion


You were on level 5 of the Lair of Beasts.
You worshipped Cheibriados.
Cheibriados was exalted by your worship.
You were completely stuffed.

You visited 3 branches of the dungeon, and saw 17 of its levels.

You collected 1015 gold pieces.

Inventory:

Missiles
 c - 2 large rocks (quivered)
Armour
 b - a +1 robe (worn)
 z - a +0 shield
 D - a +2 cloak (worn)
Rods
 w - a +1 rod of shadows (11/11)
   (You found it on level 2 of the Lair of Beasts)
Jewellery
 e - a ring of magical power (left claw)
 M - an uncursed ring of magical power
Wands
 h - a wand of iceblast (14/15)
 j - a wand of acid (0/15)
 u - a wand of disintegration (9/24)
 y - a wand of digging (7/24)
 A - a wand of disintegration (9/24)
 C - a wand of acid (7/15)
 I - a wand of iceblast (11/15)
Scrolls
 d - a scroll of blinking
 n - a scroll of amnesia
 o - 4 scrolls of teleportation
 r - 3 scrolls of magic mapping
 v - 3 scrolls of fog
 x - 8 scrolls of remove curse
 E - a scroll of identify
 J - a scroll of enchant weapon
Potions
 a - a potion of flight
 g - 3 potions of lignification
 i - 2 potions of agility
 l - 8 potions of curing
 m - 2 potions of cancellation
 p - a potion of ambrosia
 s - a potion of heal wounds
 t - 3 potions of resistance
 H - a potion of invisibility
Books
 F - a Young Poisoner's Handbook

   Spells                             Type                      Level
   a - Sting                          Conjuration/Poison           1
   b - Cure Poison                    Poison                       2
   c - Mephitic Cloud                 Conjuration/Poison/Air       3
   d - Olgreb's Toxic Radiance        Poison                       4
   e - Venom Bolt                     Conjuration/Poison           5
 G - a book of Cantrips

   Spells                             Type                      Level
   a - Corona                         Hexes                        1
   b - Animate Skeleton               Necromancy                   1
   c - Summon Small Mammal            Summoning                    1
   d - Apportation                    Translocation                1
 L - a book of the Sky

   Spells                             Type                      Level
   a - Summon Lightning Spire         Summoning/Air                4
   b - Airstrike                      Air                          4
   c - Silence                        Hexes/Air                    5
   d - Deflect Missiles               Charms/Air                   6
   e - Conjure Ball Lightning         Conjuration/Air              6
   f - Tornado                        Air                          9
 N - a book of Burglary

   Spells                             Type                      Level
   a - Swiftness                      Charms/Air                   2
   b - Passwall                       Transmutation/Earth          2
   c - Passage of Golubria            Translocation                4
   d - Lee's Rapid Deconstruction     Earth                        5
   e - Darkness                       Hexes                        6
   f - Invisibility                   Hexes                        6
Comestibles
 f - 13 bread rations
 k - 7 meat rations
 q - 17 fruits
 B - 7 slices of pizza


   Skills:
 + Level 10.6 Fighting
 - Level 3.6 Throwing
 - Level 5.4 Dodging
 - Level 0.4 Stealth
 + Level 13.8 Unarmed Combat
 - Level 7.8 Invocations


You had 10 spell levels left.
You knew the following spells:

 Your Spells              Type           Power        Failure   Level  Hunger
a - Apportation           Tloc           #.........   17%         1    ##.....


Dungeon Overview and Level Annotations

Branches:
Dungeon (11/15)            Temple (1/1) D:6            Lair (5/8) D:10
  Snake (0/4) Lair:3          Orc (0/2) D:10
  Swamp: Lair:3-6    Shoals: Lair:3-6

Altars:
Ashenzari
Cheibriados
Dithmenos
Elyvilon
Fedhas
Gozag
Kikubaaqudgha
Makhleb
Nemelex Xobeh
Okawaru
Pakellas
Qazlal
Ru
Sif Muna
Trog
Vehumet
Xom
Yredelemnul
Zin
The Shining One

Shops:
D:3 }   D:5 %   D:8 (%

Annotations:
Lair:2 exclusion: ice statue


Innate Abilities, Weirdness & Mutations

You are too large for most types of armour.
You have claws for hands.
Your metabolism is lightning-fast.
You like to eat raw meat.
You heal very quickly.
You are covered in fur (AC +1).
You have very tough skin (AC +2).


Message History

You claw the boulder beetle!
The boulder beetle is heavily wounded.
The boulder beetle bites you!!
* * * LOW HITPOINT WARNING * * *
The yak barely misses you.
You are too injured to fight recklessly!
You are too injured to fight recklessly!
You are too injured to fight recklessly!
Read which item? (? for menu, Esc to quit)
Okay, then.
Read which item? (? for menu, Esc to quit)
As you read the scroll of teleportation, it crumbles to dust.
You feel strangely unstable. The yak gores you!
* * * LOW HITPOINT WARNING * * *
The yak gores you.
* * * LOW HITPOINT WARNING * * *
The boulder beetle barely misses you. The yak gores you!
* * * LOW HITPOINT WARNING * * *
The boulder beetle bites you!!
You die... ...... #.###....###....## ......###.......# #...## <...............###.### .................#### .....!..........P.# Y....................
YY...................

........÷B...#########
.........Y@..#
..........†..#
.............#
...............
.............#..
............# ...
......<....# ..
...........# #
..........#


You could see a boulder beetle and a yak.

Vanquished Creatures
  Snorg (Lair:5)
  An ice dragon (Lair:2)
  3 hydras
  The ghost of rezek the Carver, a novice DDFi of Pakellas (D:9)
  Pikel (D:6)
  A hill giant (D:10)
  The ghost of epen the Cutter, a novice DrCK of Xom (D:5)
  Psyche (D:9)
  7 spiny frogs
  A rime drake (Lair:2)
  3 komodo dragons
  A troll (D:10)
  4 polar bears
  5 blink frogs (Lair:1)
  A two-headed ogre (D:8)
  Sigmund (D:4)
  2 wraiths
  A human (D:7)
  A wyvern (D:9)
  9 yaks
  A hog (D:7)
  A steam dragon (Lair:4)
  2 basilisks
  2 hungry ghosts
  9 hippogriffs
  4 wargs (D:10)
  Menkaure (D:5)
  5 water moccasins
  2 hell hounds (D:10)
  5 porcupines
  Duvessa (D:5)
  3 orc warriors
  7 ice beasts
  2 sky beasts
  A black bear (Lair:2)
  An eye of draining (D:10)
  3 wolves (Lair:1)
  A necrophage (D:10)
  4 phantoms
  5 ogres
  A centaur (D:8)
  5 crocodiles
  A big kobold (D:9)
  10 giant frogs
  A wyvern zombie (D:10)
  Dowan (D:5)
  7 scorpions
  A killer bee (D:11)
  3 wights (D:9)
  6 howler monkeys
  3 crimson imps
  A quasit (D:8)
  A giant frog zombie (D:10)
  3 centaur zombies
  3 hounds
  7 orc priests
  Crazy Yiuf (D:4)
  A gnoll shaman (D:6)
  6 orc wizards
  3 centaur skeletons
  2 giant frog skeletons
  11 iguanas
  4 hell rats (Lair:4)
  5 worker ants
  11 sheep
  2 hound zombies
  2 hound skeletons
  A mummy (D:5)
  2 worker ant zombies
  Robin (D:2)
  11 gnolls
  A howler monkey skeleton (D:4)
  20 river rats
  7 adders
  3 white imps
  A worm (D:2)
  7 giant geckos
  31 orcs
  6 giant cockroaches
  9 hobgoblins
  5 jackals
  8 kobolds
  3 ball pythons
  A ball python skeleton (D:4)
  6 bats
  7 giant newts
  18 goblins
  2 quokka skeletons
  4 rats
362 creatures vanquished.

Vanquished Creatures (others)
  A giant cockroach (D:7)
  6 fungi
7 creatures vanquished.

Grand Total: 369 creatures vanquished

Notes
Turn   | Place    | Note
--------------------------------------------------------------
     0 | D:1      | Ijustatesigmund the Troll Hunter began the quest for the Orb.
     0 | D:1      | Reached XP level 1. HP: 19/19 MP: 0/0
   189 | D:1      | Reached skill level 1 in Unarmed Combat
   291 | D:1      | Reached XP level 2. HP: 27/28 MP: 1/1
  1026 | D:2      | Reached skill level 2 in Unarmed Combat
  1070 | D:2      | Reached XP level 3. HP: 30/35 MP: 2/2
  1207 | D:2      | Noticed Robin
  1218 | D:2      | Killed Robin
  1231 | D:2      | Reached XP level 4. HP: 23/44 MP: 3/3
  1649 | D:2      | Reached skill level 3 in Unarmed Combat
  1926 | D:3      | Found a sparkling altar of Nemelex Xobeh.
  2006 | D:3      | Found an oddly glowing altar of Pakellas.
  2006 | D:3      | Found Pakellas's Prime Provisions.
  2341 | D:3      | Found a deep blue altar of Sif Muna.
  2341 | D:3      | Found a shattered altar of Ashenzari.
  2419 | D:3      | Reached XP level 5. HP: 28/52 MP: 4/4
  2559 | D:4      | Reached skill level 4 in Unarmed Combat
  2649 | D:4      | Found a sparkling altar of Nemelex Xobeh.
  2650 | D:4      | Found a glowing golden altar of the Shining One.
  2807 | D:4      | Reached XP level 6. HP: 61/61 MP: 5/5
  2946 | D:4      | Noticed Sigmund
  2956 | D:4      | Killed Sigmund
  2956 | D:4      | Reached skill level 5 in Unarmed Combat
  2985 | D:4      | Noticed Crazy Yiuf
  2986 | D:4      | Killed Crazy Yiuf
  3129 | D:4      | Reached XP level 7. HP: 67/68 MP: 6/6
  3148 | D:4      | Reached skill level 6 in Unarmed Combat
  3270 | D:4      | You fall through a shaft for 3 floors!
  3432 | D:6      | Reached skill level 7 in Unarmed Combat
  3463 | D:6      | Reached XP level 8. HP: 18/79 MP: 7/7
  3633 | D:6      | Reached skill level 8 in Unarmed Combat
  3770 | D:6      | Found a staircase to the Ecumenical Temple.
  3787 | Temple   | Entered the Ecumenical Temple
  4109 | D:5      | Entered Level 5 of the Dungeon
  4111 | D:5      | Noticed Duvessa
  4253 | D:5      | Reached skill level 5 in Fighting
  4360 | D:5      | Noticed Dowan
  4360 | D:5      | Killed Duvessa
  4360 | D:5      | Reached skill level 9 in Unarmed Combat
  4363 | D:5      | Killed Dowan
  4481 | D:5      | Noticed Menkaure
  4483 | D:5      | Killed Menkaure
  4502 | D:5      | Noticed epen's ghost (novice DrCK)
  4556 | D:5      | Killed epen's ghost
  4556 | D:5      | Reached XP level 9. HP: 36/89 MP: 8/8
  4620 | D:5      | Reached skill level 10 in Unarmed Combat
  4730 | D:5      | Found Duiganeof's Food Emporium.
  4781 | D:5      | Found a snail-covered altar of Cheibriados.
  4795 | D:5      | Became a worshipper of Cheibriados the Contemplative
  4935 | D:6      | Found an opulent altar of Gozag.
  5293 | D:7      | Reached skill level 1 in Invocations
  5302 | D:7      | Noticed Pikel
  5381 | D:6      | Killed Pikel
  5626 | D:7      | Found a shimmering altar of Xom.
  5723 | D:7      | Reached * piety under Cheibriados
  5755 | D:8      | Found Qopyll's Food Shoppe.
  5762 | D:8      | Found Cyhupysasm's Weapon Emporium.
  6116 | D:8      | Reached XP level 10. HP: 102/102 MP: 11/11
  6121 | D:8      | Reached skill level 11 in Unarmed Combat
  6247 | D:8      | Found a basalt altar of Yredelemnul.
  6870 | D:9      | Noticed rezek's ghost (novice DDFi)
  6902 | D:9      | Killed rezek's ghost
  6902 | D:9      | Reached ** piety under Cheibriados
  6998 | D:9      | Noticed Psyche
  7012 | D:9      | Paralysed by Psyche for 7 turns
  7024 | D:9      | Killed Psyche
  7024 | D:9      | Reached skill level 5 in Invocations
  7532 | D:10     | Entered Level 10 of the Dungeon
  7547 | D:10     | Found a staircase to the Lair.
  7582 | D:10     | Reached *** piety under Cheibriados
  7591 | D:10     | Found a staircase to the Orcish Mines.
  7933 | D:10     | Reached XP level 11. HP: 89/111 MP: 14/14
  7997 | D:10     | Noticed a hill giant
  8001 | D:10     | Killed a hill giant
  8116 | D:10     | You fall through a shaft!
  8130 | D:11     | Reached skill level 12 in Unarmed Combat
  8199 | D:10     | Reached **** piety under Cheibriados
  8721 | D:11     | Noticed a six-headed hydra
  8949 | Lair:1   | Entered Level 1 of the Lair of Beasts
  9915 | Lair:1   | Reached ***** piety under Cheibriados
 10390 | Lair:2   | Noticed an ice dragon
 10960 | Lair:2   | Noticed a seven-headed hydra
 10966 | Lair:2   | Killed an eight-headed hydra
 11094 | Lair:2   | Reached skill level 5 in Dodging
 11159 | Lair:2   | Reached XP level 12. HP: 123/123 MP: 16/16
 11743 | Lair:2   | Killed an ice dragon
 12505 | Lair:3   | Found a deep blue altar of Sif Muna.
 12612 | Lair:3   | Reached skill level 13 in Unarmed Combat
 12756 | Lair:3   | Noticed a six-headed hydra
 12763 | Lair:3   | Killed a seven-headed hydra
 13072 | Lair:3   | Found a staircase to the Snake Pit.
 13140 | Lair:3   | Reached ****** piety under Cheibriados
 13143 | Lair:3   | Reached skill level 10 in Fighting
 13187 | Lair:4   | Learned a level 1 spell: Apportation
 13219 | Lair:4   | Noticed a seven-headed hydra
 13232 | Lair:4   | Killed a 13-headed hydra
 13874 | Lair:5   | Noticed Snorg
 13888 | Lair:5   | Killed Snorg
 14104 | Lair:5   | Mangled by a boulder beetle

Skill      XL: |  1  2  3  4  5  6  7  8  9 10 11 12 |
---------------+-------------------------------------+-----
Unarmed Combat | 1 2 3 4 5 7 9 10 11 12 13 | 13.8
Fighting       | 2 3 4 5 7 8 9 10 | 10.6
Invocations    | 3 5 7 |  7.8
Dodging        | 2 5 |  5.4
Throwing       | |  3.6
Stealth        | |  0.4

Action                   |  1- 3 |  4- 6 |  7- 9 | 10-12 || total
-------------------------+-------+-------+-------+-------++-------
Melee: Unarmed           |   107 |   139 |   252 |   573 ||  1071
       Punch             |     3 |     2 |    11 |    58 ||    74
Throw: Large rock        |       |     1 |    23 |    21 ||    45
       Throwing net      |       |       |       |     4 ||     4
Invok: Slouch            |       |       |       |     1 ||     1
Evoke: Wand              |       |     1 |       |     3 ||     4
  Use: Scroll            |     1 |    13 |     5 |    13 ||    32
       Potion            |       |       |     4 |     7 ||    11
 Stab: Sleeping          |     1 |     1 |     1 |     6 ||     9
       Distracted        |       |       |     1 |     2 ||     3
       Held in net/web   |       |       |       |     6 ||     6
  Eat: Chunk             |    17 |    16 |    27 |    53 ||   113
       Beef jerky        |       |       |     1 |     2 ||     3
       Royal jelly       |       |       |       |     1 ||     1
Armor: Robe              |    38 |    59 |    53 |   205 ||   355
Dodge: Dodged            |    54 |    52 |    80 |   395 ||   581
